 Dungeon Crawl Stone Soup version 0.25-a0-700-g7f8a7979f0 (webtiles) character file.

Game seed: 16459576888157749333, levelgen mode: deterministic

861 kae the Ruffian (level 7, 0/52 HPs)
             Began as a Purple Draconian Transmuter on Apr 2, 2020.
             Slain by a worker ant (6 damage)
             ... on level 4 of the Dungeon.
             The game lasted 00:04:11 (5342 turns).

kae the Ruffian (Purple Draconian Transmuter)       Turns: 5342, Time: 00:04:11

Health: 0/52       AC:  2    Str: 12    XL:     7   Next: 71%
Magic:  11/14      EV: 19    Int: 16    God:
Gold:   202        SH:  0    Dex: 16    Spells: 1/16 levels left

rFire    . . .     SeeInvis .     - Unarmed
rCold    . . .     Gourm    .   (shield currently unavailable)
rNeg     . . .     Faith    .   (armour unavailable)
rPois    x         Spirit   .   (helmet currently unavailable)
rElec    .         Reflect  .   (cloak currently unavailable)
rCorr    .         Harm     .   (gloves currently unavailable)
MR       +....                  (boots currently unavailable)
Stlth    +.........             (no amulet)
HPRegen  0.17/turn              (no ring)
MPRegen  0.14/turn              (no ring)

@: lethally poisoned (0 -> -7), spider-form
A: tiny, (breathe power), unfitting armour, AC +6
a: End Transformation


You were on level 4 of the Dungeon.
You were hungry.
You were a venomous arachnid creature.
You visited 1 branch of the dungeon, and saw 4 of its levels.

You collected 202 gold pieces.

Inventory:

Hand Weapons
 f - a +3 vorpal hand axe (melded)
Missiles
 a - 78 arrows
Armour
 p - a +0 cloak (melded)
Jewellery
 l - an uncursed amulet of rage
Wands
 k - a wand of polymorph (5)
 m - a wand of digging (1)
Scrolls
 b - a scroll of blinking
 g - a scroll of amnesia
 h - 2 scrolls of identify
 r - a scroll of teleportation
Potions
 d - 2 potions of degeneration
 e - a potion of invisibility {unknown}
 i - a potion of haste
 n - a potion of magic
 o - a potion of flight
Comestibles
 c - 9 rations


   Skills:
 - Level 1.1 Fighting
 - Level 1.7 Dodging
 * Level 6.9 Unarmed Combat
 + Level 5.3 Spellcasting
 + Level 4.7 Transmutations


You had one spell level left.
You knew the following spells:

 Your Spells              Type           Power        Failure   Level  Hunger
a - Beastly Appendage     Tmut           ###...       9%          1    None
b - Sticks to Snakes      Tmut           ###.....     11%         2    #......
c - Spider Form           Tmut/Pois      ##........   36%         3    ###....
d - Ice Form              Ice/Tmut       ##......     71%         4    ####...
e - Blade Hands           Tmut           ###.......   73%         5    ######.

Your spell library contained the following spells:

 Spells                   Type           Power        Failure   Level  Hunger


Dungeon Overview and Level Annotations

Branches:
Dungeon (4/15)
 Temple: D:4-7

Altars:
Cheibriados
Dithmenos
Elyvilon
Kikubaaqudgha
Makhleb
Sif Muna
Xom
Yredelemnul
Zin
The Shining One

Annotations:
D:4 Edmund


Innate Abilities, Weirdness & Mutations

((You can breathe bolts of dispelling energy.))
((Your rich purple scales are hard. (AC +6)))
You cannot fit into any form of body armour.
((You are cold-blooded and may be slowed by cold attacks.))


Message History

* * * LOW HITPOINT WARNING * * *
The worker ant closely misses you. The orc hits you but does no damage.
You are too injured to fight recklessly!
You are too injured to fight recklessly!
You are too injured to fight recklessly!
You are too injured to fight recklessly!
You bite the jackal!
You kill the jackal!
You feel sick. The worker ant completely misses you. The orc hits you.
* * * LOW HITPOINT WARNING * * *
You completely miss the worker ant.
The worker ant is lightly wounded.
* * * LOW HITPOINT WARNING * * *
You feel sick. The worker ant closely misses you. The orc hits you.
* * * LOW HITPOINT WARNING * * *
You hit the worker ant.
The worker ant is moderately wounded.
* * * LOW HITPOINT WARNING * * *
You feel sick. The worker ant bites you.
You die...

#.# #.'.._[.+....# #.#
#.#≈≈.§≈#....# ..##
#.#≈§.≈≈#....#####
...####.###+###.........
....##..# #.##.....(.?..
.......## #.$.......####
.####### ####.....## ##
#......#### #..s.......
#.o†a#####. #......#
.....#...# #...#..##..$.
#..###. #$.?# #.. #.
.?..# #. #. .#...


You could see a worker ant and an orc.

Vanquished Creatures
  Grinder (D:3)
  Sigmund (D:2)
  2 jellies (D:2)
  A centaur skeleton (D:4)
  Crazy Yiuf (D:2)
  Natasha (thrice) (D:2)
  2 worker ants (D:4)
  7 adders
  10 oozes (D:2)
  A worm (D:2)
  5 dart slugs
  An orc (D:3)
  2 ball pythons (D:3)
  10 bats
  2 giant cockroaches (D:2)
  5 hobgoblins
  5 jackals
  17 kobolds
  A quokka (D:4)
  9 frilled lizards
  9 goblins
  5 rats
100 creatures vanquished.

Vanquished Creatures (collateral kills)
  A phantom (D:4)
1 creature vanquished.

Vanquished Creatures (others)
  3 fungi (D:2)
  2 plants (D:1)
  8 toadstools (D:2)
13 creatures vanquished.

Grand Total: 114 creatures vanquished

Notes
Turn   | Place    | Note
-------+----------+-------------------------------------------
     0 | D:1      | kae the Draconian Transmuter began the quest for the Orb.
     0 | D:1      | Reached XP level 1. HP: 16/16 MP: 3/3
   168 | D:1      | Reached XP level 2. HP: 23/23 MP: 3/5
   902 | D:1      | Reached XP level 3. HP: 22/28 MP: 6/6
   906 | D:1      | Learned a level 2 spell: Sticks to Snakes
   910 | D:1      | Learned a level 3 spell: Spider Form
  1857 | D:2      | Noticed Natasha
  1864 | D:2      | Reached skill level 4 in Unarmed Combat
  1870 | D:2      | Killed Natasha
  1870 | D:2      | Reached XP level 4. HP: 18/35 MP: 2/7
  2150 | D:2      | Found a white marble altar of Elyvilon.
  2176 | D:2      | Noticed Sigmund
  2193 | D:2      | Killed Sigmund
  2193 | D:2      | Reached skill level 5 in Unarmed Combat
  2193 | D:2      | Reached XP level 5. HP: 14/40 MP: 5/9
  2414 | D:2      | Found a snail-covered altar of Cheibriados.
  2430 | D:2      | Noticed Natasha
  2439 | D:2      | Killed Natasha
  2439 | D:2      | Reached XP level 6. HP: 38/47 MP: 6/10
  2511 | D:2      | Found a shimmering blue altar of Sif Muna.
  2536 | D:2      | Found a shadowy altar of Dithmenos.
  2538 | D:2      | Found an ancient bone altar of Kikubaaqudgha.
  2608 | D:2      | Noticed Natasha
  2617 | D:2      | Killed Natasha
  2657 | D:2      | Found a faded altar of an unknown god.
  2757 | D:2      | Found a runed translucent door.
  2758 | D:2      | Noticed Crazy Yiuf
  3211 | D:2      | Found a basalt altar of Yredelemnul.
  3282 | D:2      | Killed Crazy Yiuf
  3380 | D:3      | Noticed an angel
  3388 | D:3      | Found a shimmering altar of Xom.
  3388 | D:3      | Found a glowing silver altar of Zin.
  3675 | D:3      | Noticed Grinder
  3704 | D:3      | Killed Grinder
  3704 | D:3      | Reached skill level 6 in Unarmed Combat
  3704 | D:3      | Your scales start taking on a rich purple colour.
  3704 | D:3      | Reached skill level 5 in Spellcasting
  3704 | D:3      | Reached XP level 7. HP: 7/52 MP: 12/14
  4348 | D:3      | Found a burning altar of Makhleb.
  4474 | D:4      | Noticed Edmund
  4932 | D:3      | Learned a level 4 spell: Ice Form
  4938 | D:3      | Learned a level 5 spell: Blade Hands
  5246 | D:4      | Found a glowing golden altar of the Shining One.
  5342 | D:4      | Slain by a worker ant

Levels and vault maps discovered:
D:1:      evilmike_arrival_crescent, layout_loops_ring, serial_forest,
          infiniplex_forest_straight_3, infiniplex_forest_clump_small,
          infiniplex_forest_clump_long, infiniplex_forest_zigzag_1,
          infiniplex_forest_lined_2, infiniplex_forest_lined_3,
          infiniplex_forest_clump_curved, infiniplex_forest_clump_small,
          infiniplex_forest_clump_small, supply_closet_lemuel, solitary_fountain
D:2:      cheibrodos_fertilizer, layout_rooms, kennysheep_ying_yang,
          lemuel_crystal_altar, grunt_temple_overflow_open, first_ration,
          chequers_ecumenical_altar_grove, grunt_ministairs_15,
          uniq_crazy_yiuf_cottage, uniq_sigmund, uniq_natasha
D:3:      layout_basic, grunt_temple_overflow_order_and_chaos_1,
          marbit_many_paths, uniq_grinder
D:4:      layout_layer_cave, kennysheep_little_box, minmay_circle_x, uniq_edmund

Skill      XL: |  1  2  3  4  5  6 |
---------------+-------------------+-----
Unarmed Combat | 4 5 6 |  6.9
Spellcasting   | 3 5 |  5.3
Transmutations | 3 4 |  4.7
Fighting       | |  1.1
Dodging        | |  1.7

Action                   |  1- 3 |  4- 6 |  7- 9 || total
-------------------------+-------+-------+-------++-------
Melee: Unarmed           |    31 |   104 |    30 ||   165
       Headbutt          |     4 |       |       ||     4
       Tailslap          |     8 |       |     1 ||     9
       Kick              |     3 |       |     1 ||     4
       Hand axe          |    66 |    39 |    33 ||   138
       Punch             |     2 |     1 |       ||     3
 Cast: Beastly Appendage |    13 |     1 |     1 ||    15
       Spider Form       |     5 |    17 |     6 ||    28
       Sticks to Snakes  |       |       |     4 ||     4
  Use: Scroll            |       |     8 |     3 ||    11
       Potion            |       |     3 |       ||     3
 Stab: Sleeping          |       |     1 |       ||     1
  Eat: Chunk             |     4 |     4 |     2 ||    10
       Ration            |       |     1 |     1 ||     2
Armor: Skin              |    41 |    29 |    15 ||    85
Dodge: Dodged            |    94 |    86 |    45 ||   225

Table legend:
 A = Non-vault XP
 B = Vault XP
 C = Vault XP percentage of total XP
 D = Non-vault monster count
 E = Vault monster count
 F = Vault count percentage of total count
                 A         B        C        D         E       F
            +---------+---------+-------+---------+---------+-------
      Total |     451 |     780 |  63.4 |      73 |      28 |  27.7
            +---------+---------+-------+---------+---------+-------
        D:1 |      57 |       0 |   0.0 |      32 |       0 |   0.0
        D:2 |     153 |     469 |  75.4 |      23 |      23 |  50.0
        D:3 |      33 |     273 |  89.2 |      13 |       2 |  13.3
        D:4 |     208 |      38 |  15.4 |       5 |       3 |  37.5
            +---------+---------+-------+---------+---------+-------
